 Dungeon Crawl Stone Soup version 0.31-a0-983-g7b6862f502 (webtiles) character file.

Game seed: 2152663731740676054

7286 Firecrotchwizard the Martial Artist (level 11, -8/59 HPs)
             Began as a Vine Stalker Shapeshifter on Nov 2, 2023.
             Was a High Priest of Okawaru.
             Mangled by a boulder beetle (16 damage)
             ... on level 9 of the Dungeon.
             The game lasted 00:28:20 (7136 turns).

Firecrotchwizard the Martial Artist (VSSh)          Turns: 7136, Time: 00:28:21

Health: -8/59      AC:  7    Str: 16    XL:     11   Next: 12%
Magic:  0/13       EV: 24    Int: 16    God:    Okawaru [*****.]
Gold:   1336       SH:  0    Dex: 19    Spells: 10/10 levels left

rFire   . .          .
                       - Unarmed
rCold   . . .        (no shield)
rNeg    . . .        G - +0 acid dragon scales
rPois   .            (helmet currently unavailable)
rElec   .            (cloak currently unavailable)
rCorr   +            (gloves currently unavailable)
SInv    .            (boots currently unavailable)
Will    +....        y - amulet of faith
Stlth   +++          x - +6 ring of intelligence
HPRegen 1.09/turn    k - +5 ring of evasion
MPRegen 0.13/turn

%: guardian spirit, faith
@: beast-form, heroic
A: beast (slay +4), fangs 3, regeneration 1, magic shield, antimagic bite, no
potion heal 2
a: Begin Untransformation, Renounce Religion, Heroism, Finesse, Duel


You were on level 9 of the Dungeon.
You worshipped Okawaru.
Okawaru was extremely pleased with you.
You were a hulking beast.
You visited 2 branches of the dungeon, and saw 10 of its levels.
You also visited: Ossuary.

You collected 1336 gold pieces.

Inventory:

Missiles
 e - a throwing net {@!f}
 r - 17 curare-tipped darts
 u - 15 poisoned darts
 E - 4 darts of dispersal
 H - a silver javelin
Armour
 B - +1 steam dragon scales
 G - +0 acid dragon scales (worn)
Jewellery
 a - a ring of positive energy
 f - a ring of ice
 k - a +5 ring of evasion (right hand)
 v - a ring of fire
 x - a +6 ring of intelligence (left hand)
 y - an amulet of faith (around neck)
 C - a ring of wizardry
Talismans
 c - a beast talisman
 d - a flux talisman
 D - a blade talisman
Scrolls
 i - 9 scrolls of identify
 l - a scroll of fear
 m - a scroll of brand weapon
 t - 4 scrolls of teleportation
Potions
 b - 3 potions of lignification
 g - 2 potions of haste {unknown}
 h - 3 potions of enlightenment {unknown}
 j - a potion of magic {unknown}
 n - 2 potions of resistance {unknown}
 o - 4 potions of invisibility {unknown}
 p - a potion of mutation {unknown}
 q - 3 potions of attraction {unknown}
 s - 9 potions of curing
 w - 2 potions of might {unknown}
 z - 2 potions of berserk rage {unknown}
 A - 2 potions of heal wounds {unknown}
 F - a potion of brilliance {unknown}


   Skills:
 + Level 7.6(12.6) Fighting
 + Level 7.2(12.2) Dodging
 + Level 8.9(13.9) Unarmed Combat
 - Level 1.7 Invocations
 + Level 8.3 Shapeshifting


You had 10 spell levels left.
You didn't know any spells.
Your spell library contained the following spells:

 Spells                   Type           Power      Damage    Failure   Level
 Sting                    Tmut/Pois      0%         1d3       32%         1
 Blink                    Tloc           0%         N/A       45%         2
 Ensorcelled Hibernation  Hex/Ice        0%         N/A       45%         2
 Jinxbite                 Hex            0%         N/A       45%         2
 Lesser Beckoning         Tloc           0%         N/A       45%         2
 Momentum Strike          Conj/Tloc      0%         3d8       45%         2
 Poisonous Vapours        Pois/Air       0%         N/A       45%         2
 Anguish                  Hex/Necr       0%         N/A       97%         4
 Olgreb's Toxic Radiance  Pois           0%         N/A       97%         4
 Conjure Ball Lightning   Conj/Air       0%         3x3d6     100%        6
 Discord                  Hex            0%         N/A       100%        8
 Disjunction              Tloc           0%         N/A       100%        8
 Summon Small Mammal      Summ           Unusable   N/A       N/A         1
 Call Canine Familiar     Summ           Unusable   N/A       N/A         3
 Summon Guardian Golem    Hex/Summ       Unusable   N/A       N/A         3

Dungeon Overview and Level Annotations

Branches:
Dungeon (9/15)             Temple (1/1) D:4            Lair (0/5) D:8
Ossuary (visited)
    Orc: D:9-12

Altars:
Ashenzari
Cheibriados
Dithmenos
Elyvilon
Fedhas
Gozag
Hepliaklqana
Kikubaaqudgha
Makhleb
Nemelex Xobeh
Okawaru
Qazlal
Ru
Sif Muna
Trog
Uskayaw
Vehumet
Wu Jian
Yredelemnul
Zin
The Shining One

Shops:
D:8 !

Annotations:
D:7 1 runed translucent door, Crazy Yiuf


Innate Abilities, Weirdness & Mutations

You are a hulking beast.
Your limbs bulge with bestial killing power. (Slay +4)
You have razor-sharp teeth.
Your natural rate of healing is unusually fast.
When hurt, damage is shared between your health and your magic reserves.
Your bite disrupts and absorbs the magic of your enemies.
Potions cannot restore your health.


Message History

You open the door.
Found a stone staircase leading up.
There is an open door here.
g - 2 white potions (gained 1)
Found a leather armour.
You have 1336 gold pieces.
You are a hulking beast.
Your movement speed is average.
Your attack delay is about 0.8.
Your damage rating with unarmed combat is about 18 (Base [3 + 8 (UC)] x 115% (Str) x 112% (Fight) + 4 (Slay)).
Your base attributes are Str 16, Int 10, Dex 19.
A howler monkey comes into view. x2
The howler monkey howls!
Found an escape hatch in the ceiling.
The howler monkey howls!
The howler monkey hoots and howls with incredible vigour!
A wyvern comes into view.
A boulder beetle comes into view.
The wyvern hisses angrily.
You hear a bellow! x2
A manticore comes into view.
The manticore flicks its tail.
The volley of spikes misses you. The howler monkey misses you.
You closely miss the howler monkey. Your bite misses the howler monkey.
The howler monkey hits you but does no damage.
The boulder beetle curls into a ball and begins rolling!
You punch the howler monkey! You bite the howler monkey.
You kill the howler monkey!
Okawaru accepts your kill.
You barely miss the howler monkey. You bite the howler monkey!
You drain its power.
The howler monkey is moderately wounded.
The boulder beetle stops rolling and uncurls.
You hit the manticore but do no damage. You bite the manticore.
You drain its power.
The manticore is lightly wounded.
The manticore bites you!! The manticore misses you. x2
You hit the manticore but do no damage. You bite the manticore.
You drain its power.
You feel invigorated.
The manticore is lightly wounded.
The manticore completely misses you. The manticore closely misses you.
The manticore barely misses you.
You hit the manticore.
The manticore is moderately wounded.
The manticore completely misses you. x2; The manticore claws you!
You hit the manticore.
The manticore is moderately wounded.
The manticore barely misses you. The manticore closely misses you. x2
You punch the manticore! You punch the manticore. You bite the manticore.
You drain its power.
You feel invigorated.
The manticore is heavily wounded.
You hit the manticore. You bite the manticore! You drain its power.
The manticore is almost dead.
The manticore barely misses you. The manticore misses you.
The manticore claws you.
You punch the manticore!
You kill the manticore!
Okawaru accepts your kill.
You barely miss the wyvern. You bite the wyvern! You drain its power.
You feel invigorated.
The wyvern is moderately wounded.
The wyvern misses you.
You punch the wyvern!
The wyvern is severely wounded.
The wyvern bites you!
* * * LOW HITPOINT WARNING * * *
The wyvern closely misses you.
You are too injured to fight recklessly!
You are too injured to fight recklessly!
You are too injured to fight recklessly!
You punch the wyvern!
You kill the wyvern!
Okawaru accepts your kill.
You hit the boulder beetle.
You bite the boulder beetle, but do no damage.
The boulder beetle is lightly wounded.
The boulder beetle bites you!!
* * * LOW MAGIC WARNING * * *
* * * LOW HITPOINT WARNING * * *
Okay, then.
You hit the boulder beetle but do no damage.
Your punch misses the boulder beetle.
The boulder beetle is lightly wounded.
The boulder beetle bites you!
* * * LOW MAGIC WARNING * * *
* * * LOW HITPOINT WARNING * * *
The howler monkey hoots and howls with incredible vigour!
You hit the boulder beetle but do no damage.
You bite the boulder beetle, but do no damage.
The boulder beetle is lightly wounded.
The boulder beetle bites you.
* * * LOW HITPOINT WARNING * * *
You gain the combat prowess of a mighty hero.
* * * LOW MAGIC WARNING * * *
The boulder beetle bites you but does no damage.
You punch the boulder beetle! x2
The boulder beetle is moderately wounded.
You hit the boulder beetle but do no damage.
You bite the boulder beetle, but do no damage.
The boulder beetle is moderately wounded.
The boulder beetle bites you!!
* * * LOW MAGIC WARNING * * *
You die...

#. ##.######## ..
#.........# ###.###
#.........# .......
#.........# .......
#.........##### .......
###<............# .......
.##.........###.##...<...
............# #.hBh......
###.........# ####.......
###'#####.### .......
...#..# ..# ...[...
...#..##.## .......
###'..'..# ##.####
.+.#..####### ..
.#.#..#.....# ##.
.#.+##'.....+


You could see a boulder beetle and a howler monkey (catching breath).

Vanquished Creatures
  A manticore (D:9)
  A troll (D:9)
  A wyvern (D:9)
  12 yaks
  4 steam dragons
  Menkaure (D:7)
  An acid dragon (D:8)
  2 wargs
  A water moccasin (D:4)
  3 orc warriors
  An ice beast (D:7)
  A black bear (D:6)
  2 ogres
  2 sky beasts
  2 centaurs
  2 phantoms
  3 kobold brigands
  13 scorpions
  8 howler monkeys
  2 centaur zombies (Ossuary)
  6 hounds (D:5)
  2 human zombies (Ossuary)
  A jelly (D:4)
  8 orc priests
  A gnoll bouda (D:8)
  Jessica (D:3)
  5 scorpion zombies (Ossuary)
  6 iguanas
  5 orc wizards
  3 mummies (Ossuary)
  Robin (D:1)
  13 gnolls
  4 adders
  2 white imps
  2 dart slugs
  37 orcs
  2 ball pythons
  A bat (D:2)
  8 endoplasms
  2 giant cockroaches
  A gnoll zombie (Ossuary)
  14 goblins
  12 hobgoblins
  17 jackals
  4 quokkas
  3 frilled lizards
  2 goblin zombies (Ossuary)
  4 hobgoblin zombies (Ossuary)
  15 kobolds
  A kobold zombie (Ossuary)
  2 orc zombies (Ossuary)
  7 rats
255 creatures vanquished.

Vanquished Creatures (others)
  An orc wizard (D:8)
  An orc (D:6)
2 creatures vanquished.

Grand Total: 257 creatures vanquished

Notes
Turn   | Place    | Note
-------+----------+-------------------------------------------
     0 | D:1      | Firecrotchwizard the Vine Stalker Shapeshifter began the
                  | quest for the Orb.
     0 | D:1      | Reached XP level 1. HP: 9/9 MP: 2/2
    56 | D:1      | Reached skill level 1 in Fighting
   188 | D:1      | Reached XP level 2. HP: 14/14 MP: 3/3
   775 | D:2      | Reached XP level 3. HP: 18/18 MP: 4/4
   924 | D:2      | Noticed Robin
   950 | D:1      | Killed Robin
  1076 | D:2      | Reached XP level 4. HP: 22/22 MP: 5/5
  1485 | D:3      | Noticed Jessica
  1492 | D:3      | Killed Jessica
  1573 | D:3      | Noticed a kobold brigand
  1573 | D:3      | Noticed a kobold brigand
  1607 | D:3      | Killed a kobold brigand
  1608 | D:3      | Reached XP level 5. HP: 14/26 MP: 2/6
  1653 | D:3      | Killed a kobold brigand
  1654 | D:3      | Reached XP level 6. HP: 26/32 MP: 5/7
  1770 | D:3      | Found an iron altar of Okawaru.
  2140 | D:4      | Identified a scroll of acquirement
  2140 | D:4      | Acquired 915 gold pieces
  2153 | D:4      | Noticed a water moccasin
  2239 | D:4      | Found a hide-covered altar of Uskayaw.
  2401 | D:4      | Reached XP level 7. HP: 36/36 MP: 8/8
  2529 | D:4      | Reached skill level 5 in Unarmed Combat
  2646 | D:4      | Found a staircase to the Ecumenical Temple.
  2657 | Temple   | Entered the Ecumenical Temple
  2785 | D:3      | Became a worshipper of Warmaster Okawaru
  2817 | D:5      | Entered Level 5 of the Dungeon
  3036 | D:5      | Found a sand-covered staircase.
  3041 | Ossuary  | Entered an ossuary
  3064 | Ossuary  | Reached skill level 5 in Shapeshifting
  3064 | Ossuary  | Gained mutation: You have razor-sharp teeth. [Vine Stalker
                  | growth]
  3064 | Ossuary  | Reached XP level 8. HP: 41/42 MP: 9/9
  3161 | Ossuary  | Reached * piety under Okawaru
  3507 | D:5      | Found a hazy altar of Hepliaklqana.
  3566 | D:5      | Reached skill level 5 in Fighting
  3566 | D:5      | Reached XP level 9. HP: 47/47 MP: 10/10
  3615 | D:5      | Reached ** piety under Okawaru
  3616 | D:5      | Reached skill level 5 in Dodging
  3935 | D:5      | Reached *** piety under Okawaru
  4193 | D:5      | Reached skill level 1 in Invocations
  5291 | D:6      | Found a radiant altar of Vehumet.
  5303 | D:6      | Reached XP level 10. HP: 50/53 MP: 12/12
  5308 | D:6      | Reached **** piety under Okawaru
  5378 | D:7      | Noticed Menkaure
  5522 | D:7      | Killed Menkaure
  5634 | D:7      | Found a sacrificial altar of Ru.
  5914 | D:7      | Reached ***** piety under Okawaru
  6003 | D:7      | Found a runed translucent door.
  6004 | D:7      | Noticed Crazy Yiuf
  6026 | D:7      | Found an opulent altar of Gozag.
  6062 | D:7      | Identified the +0 chain mail of Uskayaw's Condemnation {rN+
                  | Str+3 Dex-5 SInv}
  6108 | D:7      | Found a glowing golden altar of the Shining One.
  6109 | D:7      | Found an ancient bone altar of Kikubaaqudgha.
  6223 | D:8      | Found a staircase to the Lair.
  6240 | D:7      | HP: 1/53 [warg (4)]
  6298 | D:8      | Found Wulink's Distillery.
  6584 | D:8      | Identified the -2 cloak "Soamen" {rC- rN+++ Int-2 Stlth+}
  6758 | D:8      | Received a gift from Okawaru
  6911 | D:8      | Found a stormy altar of Qazlal.
  6919 | D:8      | Reached XP level 11. HP: 58/58 MP: 13/13
  7027 | D:9      | Found a shimmering blue altar of Sif Muna.
  7052 | D:9      | Found a blossoming altar of Fedhas.
  7114 | D:9      | Noticed a boulder beetle
  7115 | D:9      | Noticed a manticore
  7127 | D:9      | Killed a manticore
  7136 | D:9      | Mangled by a boulder beetle

Illustrated notes

Levels and vault maps discovered:
D:1:      minmay_arrival_semitransparent, layout_basic, minmay_tetromino_t2
D:2:      layout_basic, uniq_robin
D:3:      cheibrodos_thug_alley, layout_rooms, amcnicky_altar_gilded,
          uniq_jessica
D:4:      layout_basic, nicolae_overflow_crystal_walls, minmay_temple_entry_mist
D:5:      lemuel_castle_with_subvaults [lemuel_castle_interior_carwin_1],
          layout_rooms, nzn_hepliaklqana_mist_gate, enter_ossuary_2
D:6:      layout_gridville, kennysheep_mini_moat, hangedman_decor_diamond_cutter
D:7:      layout_gridville, minitemple, nicolae_ru_sacrificial_ziggurat,
          uniq_crazy_yiuf_cottage, uniq_menkaure
D:8:      layout_rooms, nicolae_qazlal_beasts_of_the_sky,
          erik_lair_orcish_takeover, serial_shops, nicolae_shop_stone,
          kennysheep_generic_room_2
D:9:      layout_roguey, xom_redecorated, mainiacjoe_overflow_catwalk,
          mainiacjoe_overflow_24_doors, minivault_7
Temple:   hellmonk_temple_beads

Skill      XL: |  1  2  3  4  5  6  7  8  9 10 |
---------------+-------------------------------+-----
Fighting       | 1 2 3 5 6 7 |  7.6
Dodging        | 2 3 4 5 7 |  7.2
Unarmed Combat | 4 5 6 7 8 |  8.9
Shapeshifting  | 4 5 7 8 |  8.3
Invocations    | 1 |  1.7

Action                     |  1- 3 |  4- 6 |  7- 9 | 10-12 || total
---------------------------+-------+-------+-------+-------++-------
  Melee: Unarmed           |    77 |   124 |   363 |   172 ||   736
         Bite              |    16 |    33 |   131 |    83 ||   263
         Punch             |     4 |     7 |    24 |    11 ||    46
  Throw: Dart              |       |       |    11 |       ||    11
 Invoke: Heroism           |       |       |       |     1 ||     1
    Use: Scroll            |       |     7 |     2 |     4 ||    13
         Potion            |       |       |     1 |       ||     1
   Stab: Sleeping          |       |       |     2 |     1 ||     3
         Distracted        |       |       |     1 |       ||     1
 Armour: Animal skin       |     5 |       |       |       ||     5
         Ring mail         |    40 |     1 |   137 |       ||   178
         Scale mail        |       |    72 |       |       ||    72
         Skin              |       |       |     1 |       ||     1
         Steam dragon scal |       |       |    67 |    61 ||   128
         Acid dragon scale |       |       |       |    29 ||    29
  Dodge: Dodged            |    39 |    74 |   229 |   149 ||   491

Table legend: (Time is in decaauts)
 A = Elapsed time spent in this place.
 B = Non-inter-level travel time spent in this place.
 C = Inter-level travel time spent in this place.
 D = Time resting spent in this place.
 E = Time spent auto-exploring this place.
 F = Levels seen in this place.
 G = Mean time per level.
                   A        B        C        D        E       F      G
               +--------+--------+--------+--------+--------+-----+--------+
         Total |   7079 |   6656 |    423 |    771 |   3957 |  11 |  643.5 |
       Dungeon |   6549 |   6215 |    334 |    735 |   3763 |   9 |  727.7 |
        Temple |     89 |      0 |     89 |      0 |      0 |   1 |   89.0 |
       Ossuary |    439 |    439 |      0 |     36 |    194 |   1 |  439.0 |
               +--------+--------+--------+--------+--------+-----+--------+

Top non-repeatable levels by time:
     D:5: 1277 daAuts
     D:7: 795 daAuts
     D:1: 783 daAuts
     D:4: 770 daAuts
     D:3: 732 daAuts
     D:8: 723 daAuts
     D:2: 689 daAuts
     D:6: 670 daAuts
 Ossuary: 439 daAuts
     D:9: 107 daAuts
  Temple: 89 daAuts
